cohdb
Replays
Latest Replays
All Replays
Popular Replays
Top Player Replays
Match Explorer
How It Works
Community
CoH3 Stats
Reddit
Sign in to upload your games and track your stats! →
Sign in with Steam
Match 42800183
Unlisted
Match 42800183
Overview
Messages
Build Orders
End
Kradschützen Motorcycle Team
Panzergrenadier Squad
250 Light Carrier
Construct Light Support Kompanie
MG34 Team
Forward Retreat Point
Fire Support Elements
Flakvierling Half-track
le.IG 18 Mechanized Group
Selects Panzerjäger Kommand Battlegroup
Selects Mine Fields
Selects Defensive Positions
Panzerjäger Squad
Construct Mechanized Kompanie
Selects Tank Busters
Vehicle Survival Package
An 'orrible Cunt
BladeMaster
WoW
Chuck Balboa
SneaKerz
gb_gbg
0
0
Comments
sign in to comment!
No comments posted yet!